[Event "44th Chess Olympiad Women 2022"]
[Site "Chennai"]
[Date "2022.07.29"]
[Round "1.28"]
[White "Al Ghafri, Alanoud"]
[Black "Munkhzul, Turmunkh"]
[Result "0-1"]
[WhiteElo "1259"]
[BlackElo "2277"]
[Annotator "NA RC"]
[PlyCount "58"]
[EventDate "2022.??.??"]
[TimeControl "60"]

1. e4 c5 2. b3 d6 3. Nf3 Nf6 4. Nc3 g6 5. Bd3 Bg7 6. O-O O-O 7. h3 Nc6 8. Bb2 Nh5 9. Rb1 e5 10. Ne2 Nb4 11. Bc4 Be6 12. Bxe6 fxe6 13. a3 Nc6 14. d3 Qe7 15. Qd2 Nf4 16. Nxf4 Rxf4 17. Qe2 Raf8 18. Bc1 Rxf3 19. gxf3 Nd4 20. Qe3 Rf4 21. Qxf4 exf4 22. Bxf4 Ne2+ 23. Kh2 Nxf4 24. Rg1 Be5 25. Kh1 Qh4 26. Rg2 Qxh3+ 27. Rh2 Qxf3+ 28. Kg1 Ne2+ 29. Kf1 Bxh2 0-1

[Event "44th Chess Olympiad Women 2022"]
[Site "Chennai"]
[Date "2022.07.29"]
[Round "1.28"]
[White "Bayarmaa, Bayarjargal"]
[Black "Al Aisaee, Anat"]
[Result "1-0"]
[WhiteElo "2171"]
[BlackElo "1681"]
[Annotator "RC"]
[PlyCount "73"]
[EventDate "2022.??.??"]
[TimeControl "60"]

1. d4 d5 2. c4 e6 3. Nc3 Nf6 4. Bg5 Be7 5. Nf3 h6 6. Bh4 O-O 7. e3 b6 8. cxd5 Nxd5 9. Bxe7 Qxe7 10. Nxd5 exd5 11. Rc1 Be6 12. Qc2 Rc8 13. Bd3 c5 14. Qd2 Nd7 15. O-O c4 16. Bb1 Nf6 17. Ne5 Qb7 18.
f3 b5 19. g4 Rc7 20. Kh1 g5 21. h4 Nd7 22. Nxd7 Rxd7 23. Qc2 Kf8 24. Qh7 Ke7 25. Qxh6 gxh4 26. Qxh4+ Kd6 27. Qf6 Rdd8 28. Kg2 Qa6 29. Rf2 Rh8 30. e4 Qb7 31. exd5 Qxd5 32. Be4 Qxe4 33. fxe4 Rag8 34. Rf4 Kd7 35. Kg3 Rh7 36. d5 Rg6 37. dxe6+ 1-0

[Event "44th Chess Olympiad Women 2022"]
[Site "Chennai"]
[Date "2022.07.29"]
[Round "1.28"]
[White "Mungunzul, Bat-Erdene"]
[Black "Al Balushi, Mariya"]
[Result "1-0"]
[WhiteElo "2163"]
[BlackElo "1660"]
[Annotator "ChessBase"]
[PlyCount "89"]
[EventDate "2022.??.??"]
[TimeControl "60"]

1. d4 d5 2. c4 e6 3. Nc3 Nf6 4. Bg5 Be7 5. Nf3 O-O 6. e3 c5 7. Be2 h6 8. Bh4 Nbd7 9. O-O b6 10. cxd5 Nxd5 11. Bxe7 Qxe7 12. Nxd5 exd5 13. dxc5 Nxc5 14. Qxd5 Bb7 15. Qe5 Qxe5 16.
Nxe5 Rad8 17. Rfd1 Na4 18. Rxd8 Rxd8 19. b3 Nc3 20. Bc4 Bd5 21. Bf1 Be4 22. f3 Bb1 23. a4 Rd1 24. Nc4 Bc2 25. Rxd1 Nxd1 26. Nd2 Nxe3 27. Kf2 Nf5 28. Bc4 Kf8 29. g4 Nd6 30. Bd5 Ke7 31.
Ke3 f5 32. Kd4 fxg4 33. fxg4 Bd1 34. h3 Kf6 35. Nf1 Kg5 36.
Ke5 Ne8 37. Ne3 Kh4 38. Nxd1 Kxh3 39. Be6 Kh4 40. Ne3 Nc7 41. Bc8 Ne8 42. Nd5 Kg5 43. Bd7 Nf6 44. Nxf6 gxf6+ 45. Ke4 1-0

[Event "44th Chess Olympiad Women 2022"]
[Site "Chennai"]
[Date "2022.07.29"]
[Round "1.29"]
[White "Castro, Neusa Aridas De"]
[Black "Hakimifard, Ghazal"]
[Result "1-0"]
[WhiteElo "1531"]
[BlackElo "2296"]
[Annotator "NA RC"]
[PlyCount "21"]
[EventDate "2022.??.??"]
[TimeControl "60"]

1. e4 c5 2. Nf3 e6 3. Bc4 a6 4. d3 b5 5. Bb3 Bb7 6. c3 d6 7. Be3 Nf6 8. O-O Be7 9. Nbd2 O-O 10. Re1 Nbd7 11. Bc2 1-0

[Event "44th Chess Olympiad Women 2022"]
[Site "Chennai"]
[Date "2022.07.29"]
[Round "1.29"]
[White "De Seroux, Camille"]
[Black "Naira Sinoia"]
[Result "1-0"]
[WhiteElo "2106"]
[BlackElo "1116"]
[Annotator "NA RC"]
[PlyCount "55"]
[EventDate "2022.??.??"]
[TimeControl "60"]

1. e4 e5 2. Nf3 d6 3. d4 exd4 4. Nxd4 Nf6 5. Nc3 c5 6. Nf3 Nc6 7. Bc4 Be7 8. O-O O-O 9. h3 Na5 10. Be2 Be6 11. Bf4 Qb6 12. b3 Rfd8 13.
Nd5 Nxd5 14. exd5 Bf5 15. Qd2 Qc7 16. Rad1 b6 17. Rfe1 Nb7 18. Bb5 a6 19. Bc6 Rab8 20. Bg5 Bxg5 21. Qxg5 Bxc2 22. Re7 Qc8 23. Rd2 h6 24. Qh4 g5 25. Qxh6 Bg6 26. Nxg5 Rf8 27. Ne6 Na5 28. Qg7# 1-0

[Event "44th Chess Olympiad Women 2022"]
[Site "Chennai"]
[Date "2022.07.29"]
[Round "1.30"]
[White "Heba, Assi"]
[Black "Olde, Margareth"]
[Result "0-1"]
[WhiteElo "1449"]
[BlackElo "2235"]
[Annotator "NA"]
[PlyCount "22"]
[EventDate "2022.??.??"]
[TimeControl "60"]

1. d4 Nf6 2. Nf3 e6 3. e3 c5 4. b3 cxd4 5. exd4 d5 6. Bb2 Bd6 7. Bd3 Nc6 8. a3 O-O 9. O-O b6 10. Nbd2 Bb7 11. Ne5 Rc8 0-1

[Event "44th Chess Olympiad Women 2022"]
[Site "Chennai"]
[Date "2022.07.29"]
[Round "1.30"]
[White "Sinitsina, Anastassia"]
[Black "Eman Sawan"]
[Result "1-0"]
[WhiteElo "2175"]
[BlackElo "1847"]
[Annotator "ChessBase"]
[PlyCount "75"]
[EventDate "2022.??.??"]
[TimeControl "60"]

1. e4 c5 2. Nf3 d6 3. d4 cxd4 4. Nxd4 Nf6 5. Nc3 a6 6. Bg5 e6 7. f4 Be7 8. Qf3 Qc7 9. O-O-O Nbd7 10. g4 b5 11. a3 Bb7 12. Bxf6 Nxf6 13.
g5 Nd7 14. h4 Rc8 15. Rh2 Qb6 16. f5 e5 17. Nb3 b4 18. axb4 Qxb4 19. f6 gxf6 20. Bh3 Rc4 21. Bxd7+ Kxd7 22. gxf6 Bf8 23. Qh5 Ke8 24. Rhd2 Qb6 25. Rd3 a5 26. Nd2 Rd4 27. Nf3 Rxd3 28. Rxd3 Qf2 29. Nd1 Qg3 30. Rb3 Qf4+ 31. Kb1 Qxe4 32. Ng5 Qd5 33. Ne3 Qh1+ 34. Ka2 Bd5 35. c4 Bxc4 36. Nxc4 Qd5 37. Rb8+ Kd7 38. Qg4+ 1-0

[Event "44th Chess Olympiad Women 2022"]
[Site "Chennai"]
[Date "2022.07.29"]
[Round "1.30"]
[White "Taqwa, Hamouri"]
[Black "Narva, Triin"]
[Result "0-1"]
[WhiteElo "1214"]
[BlackElo "2066"]
[Annotator "NA"]
[PlyCount "58"]
[EventDate "2022.??.??"]
[TimeControl "60"]

1. e4 d5 2. exd5 Qxd5 3. Nc3 Qd6 4. d4 Nf6 5. Nf3 Nc6 6. h3 Bf5 7. Bd3 Bg6 8. Be3 e6 9. Bxg6 hxg6 10. a3 O-O-O 11. Nb5 Qd5 12. Qd3 a6 13. Nc3 Qa5 14. O-O Qh5 15. Ne2 Bd6 16. c4 Ng4 17. c5 Nxe3 18.
Qxe3 Be7 19. b4 g5 20. Ng3 Qg6 21. Rfe1 Bf6 22. Ne5 Bxe5 23. dxe5 Nd4 24. Qc3 Nc2 25. c6 Qd3 26. cxb7+ Kxb7 27. Qc5 Nxa1 28. Rxa1 Qd4 29. Qc2 Qxa1+ 0-1

[Event "44th Chess Olympiad Women 2022"]
[Site "Chennai"]
[Date "2022.07.29"]
[Round "1.31"]
[White "Blackman, Katrina"]
[Black "Chumpitaz, Ann"]
[Result "0-1"]
[WhiteElo "1691"]
[BlackElo "2278"]
[Annotator "RC"]
[PlyCount "68"]
[EventDate "2022.??.??"]
[TimeControl "60"]

1. d4 Nf6 2. Nf3 g6 3. Bf4 d5 4. e3 Bg7 5. Be2 c5 6. c3 Nc6 7. h3 O-O 8. O-O Nd7 9. Bh2 Re8 10. Qc2 e5 11. Rd1 e4 12. Nfd2 Qg5 13.
Bf4 Qe7 14. a3 cxd4 15. cxd4 Bxd4 16. Nc3 Nb6 17. exd4 Nxd4 18. Qc1 Be6 19. Re1 Rac8 20. Qd1 Nf5 21. Bg4 Ng7 22. Bxe6 Nxe6 23. Bg3 f5 24. Nb3 Rcd8 25. Nd4 Nc5 26. Re2 Qg7 27. b3 Nd3 28. Ndb5 f4 29. Bh2 a6 30. Rc2 axb5 31. Nxb5 Rc8 32. Nd6 Rc6 33. Rc3 Rxc3 34. Nxe8 Rc2 0-1

[Event "44th Chess Olympiad Women 2022"]
[Site "Chennai"]
[Date "2022.07.29"]
[Round "1.31"]
[White "Bravo Mallco, Kate Azumi"]
[Black "Eversley, Kiarra"]
[Result "1-0"]
[WhiteElo "1958"]
[BlackElo "1356"]
[Annotator "NA RC"]
[PlyCount "49"]
[EventDate "2022.??.??"]
[TimeControl "60"]

1. e4 c5 2. Nf3 d6 3. d4 cxd4 4. Nxd4 Nc6 5. Nc3 Nf6 6. Bg5 e6 7. Qd3 Be7 8. O-O-O Qa5 9. Bxf6 gxf6 10. Ndb5 O-O 11. Qg3+ Kh8 12. Nxd6 Nb4 13. a3 Nc6 14. h4 Ne5 15. f4 Rg8 16. Qe1 Bxd6 17. Rxd6 Ng4 18. Rd2 Qc5 19. h5 b6 20. Be2 Bb7 21. Qh4 f5 22. Bxg4 Rxg4 23.
Rd8+ Rxd8 24. Qxd8+ Kg7 25. h6+ 1-0

[Event "44th Chess Olympiad Women 2022"]
[Site "Chennai"]
[Date "2022.07.29"]
[Round "1.31"]
[White "Caballero Quijano, Mitzy Mishell"]
[Black "Wilson, Hannah"]
[Result "1-0"]
[WhiteElo "2035"]
[BlackElo "1556"]
[Annotator "NA RC"]
[PlyCount "57"]
[EventDate "2022.??.??"]
[TimeControl "60"]

1. d4 Nf6 2. Nf3 e6 3. e3 d5 4. Bd3 c5 5. b3 Nc6 6. Nbd2 cxd4 7. exd4 Bd6 8. Bb2 O-O 9. O-O Bd7 10. a3 a5 11. Ne5 Qc7 12. f4 Rfb8 13.
Qf3 b5 14. Qh3 b4 15. a4 Qa7 16. Ndf3 h6 17. g4 Ne4 18. g5 Nxg5 19. fxg5 Bxe5 20. Nxe5 Nxe5 21. gxh6 Nxd3 22. cxd3 gxh6 23.
Rf6 Kf8 24. Raf1 Ke7 25. Rxf7+ Kd6 26. Qg3+ Kc6 27. Rc1+ Kb6 28. Qd6+ Kb7 29. Rxd7# 1-0

[Event "44th Chess Olympiad Women 2022"]
[Site "Chennai"]
[Date "2022.07.29"]
[Round "1.31"]
[White "Moore, Gaybrianna"]
[Black "Paredes Bustamante, Paula Elizab"]
[Result "0-1"]
[WhiteElo "1335"]
[BlackElo "2162"]
[Annotator "NA RC"]
[PlyCount "70"]
[EventDate "2022.??.??"]
[TimeControl "60"]

1. d4 d5 2. Bf4 Nf6 3. e3 c5 4. Nf3 Nc6 5. c3 e6 6. Bd3 Bd6 7. Bg3 O-O 8. Nbd2 Qe7 9. Ne5 Bxe5 10. dxe5 Nd7 11. Nf3 f5 12. exf6 Nxf6 13. Ne5 Nxe5 14. Bxe5 Nd7 15. Qh5 g6 16. Bxg6 Nxe5 17. Bxh7+ Qxh7 18. Qxe5 Qf5 19. Qg3+ Kh8 20. Qh4+ Qh7 21. Qg5 Bd7 22. Qe5+ Qg7 23. Qh5+ Kg8 24. O-O-O Rxf2 25. Rdf1 Raf8 26. Rxf2 Rxf2 27. g3 Bb5 28. Re1 Rf5 29. Qh4 Bd3 30. Qd8+ Rf8 31. Qd6 Qg6 32. Qxc5 Rf2 33. Qc8+ Kh7 34. Qd7+ Kh6 35. h3 Bb5 0-1

[Event "44th Chess Olympiad Women 2022"]
[Site "Chennai"]
[Date "2022.07.29"]
[Round "1.32"]
[White "Garcia, Andrea Nicole"]
[Black "Aulia, Medina Warda"]
[Result "0-1"]
[WhiteElo "1631"]
[BlackElo "2374"]
[Annotator "ChessBase"]
[PlyCount "60"]
[EventDate "2022.??.??"]
[TimeControl "60"]

1. e4 e5 2. Nf3 Nc6 3. Bb5 g6 4. c3 a6 5. Ba4 Bg7 6. O-O Nge7 7. d3 O-O 8. Re1 b5 9. Bb3 d6 10. Nbd2 Na5 11. Bc2 c5 12. Nf1 Nac6 13. Be3 h6 14. h3 f5 15. N3h2 f4 16. Bc1 Kh8 17. Qf3 Bd7 18.
g4 Ng8 19. Qg2 Nf6 20. g5 Nh7 21. gxh6 Bxh6 22. Bd1 b4 23. Bg4 Ra7 24. Bxd7 Rxd7 25. Ng4 f3 26. Qg3 Bf4 27. Bxf4 exf4 28. Qxf3 Ng5 29. Qg2 Rh7 30. Nd2 f3 0-1

[Event "44th Chess Olympiad Women 2022"]
[Site "Chennai"]
[Date "2022.07.29"]
[Round "1.32"]
[White "Maradiaga, Cesia"]
[Black "Citra, Dewi Ardhiani Anast"]
[Result "0-1"]
[WhiteElo "1533"]
[BlackElo "2257"]
[Annotator "NA RC"]
[PlyCount "54"]
[EventDate "2022.??.??"]
[TimeControl "60"]

1. Nf3 d5 2. b3 Nc6 3. d4 Bg4 4. e3 e6 5. Be2 Nf6 6. O-O Bd6 7. Nbd2 Bxf3 8. Nxf3 Ne4 9. Bb2 Ne7 10. c4 c6 11. Rc1 O-O 12. Bd3 Ng6 13.
Ne5 Nh4 14. Bxe4 dxe4 15. Qe2 Bxe5 16. dxe5 Qg5 17. f3 exf3 18. Rxf3 Nxf3+ 19. Qxf3 Rfd8 20. Rf1 Rd7 21. b4 Qe7 22. c5 Rd2 23. Rb1 Qg5 24. g3 Qg6 25. e4 Rad8 26. a3 h5 27. Rf1 Rxb2 0-1

[Event "44th Chess Olympiad Women 2022"]
[Site "Chennai"]
[Date "2022.07.29"]
[Round "1.32"]
[White "Mariroh, Fariha"]
[Black "Mejia, Camila"]
[Result "1-0"]
[WhiteElo "1839"]
[BlackElo "1330"]
[Annotator "NA RC"]
[PlyCount "27"]
[EventDate "2022.??.??"]
[TimeControl "60"]

1. e4 e5 2. Nf3 Nc6 3. Bc4 Nf6 4. d3 Bc5 5. O-O Ng4 6. Bxf7+ Kf8 7. Bb3 h6 8. Nc3 d6 9. h3 Bxf2+ 10. Kh1 Ne3 11. Bxe3 Bxe3 12. Nxe5+ Ke8 13. Bf7+ Kf8 14. Ng6# 1-0

[Event "44th Chess Olympiad Women 2022"]
[Site "Chennai"]
[Date "2022.07.29"]
[Round "1.32"]
[White "Sukandar, Irine Kharisma"]
[Black "Viana, Valeria"]
[Result "1-0"]
[WhiteElo "2373"]
[BlackElo "1441"]
[Annotator "TA"]
[PlyCount "51"]
[EventDate "2022.??.??"]
[TimeControl "60"]

1. d4 Nf6 2. Bf4 g6 3. Nc3 Bg7 4. e4 d6 5. Qd2 Nbd7 6. Nf3 O-O 7. O-O-O {[%emt 0:01:48] B08: Pirc
Defence: Classical System.} a6 8. e5 Ne8 9. Bh6 {[%emt 0:01:39] [#] White is much more active. White is
clearly better.} c6 $146 {[%emt 0:02:21] [#]} (9... c5 $16) ({Predecessor:} 
9... Nb6 10. h4 Bg4 11. h5 gxh5 12. Bxg7 Nxg7 13. Qh6 Bf5 14. Bd3 Qd7 15. Ne4
Qe6 {1-0 (48) Ostrovskiy,A (2425)-Suvorov,A (2313) Chess.com INT 2020}) 10. h4
$1 $18 Nb6 $2 (10... f6 {
was called for.} 11. Bd3 Kh8 12. Bxg7+ Kxg7) 11. h5 Bf5 12. Bxg7 Kxg7 13. hxg6 Bxg6 14. Qh6+ Kg8 15. Nh4 Ng7 16. Nxg6 fxg6 17. e6 {[%emt 0:00:50][%csl Gh1][%cal Rh6h7] [#]} Nh5 18. Rxh5 gxh5 19. Bd3 Rf7 20. exf7+ Kxf7 21. Qxh5+ (
21. Qxh7+ $142 Ke8 22. Bf5 Kf8 23. Bg6 e6 24. Qf7#) 21... Kf8 22. Qxh7 {[%emt 0:06:12] Threatening mate with Bg6.} Ke8 23.
Bf5 {[%emt 0:00:10][%cal Rh7g8] White mates.} Nd7 24. Qg6+ Kf8 25. Be6 Ne5 26. Qg8# {[%emt 0:01:07] Black got outplayed
after the opening. Weighted Error Value: White=0.04 (flawless) / Black=1.30}
1-0

[Event "44th Chess Olympiad Women 2022"]
[Site "Chennai"]
[Date "2022.07.29"]
[Round "1.33"]
[White "Abera, Mekdes Demssie"]
[Black "Rodriguez Rueda, Paula Andrea"]
[Result "0-1"]
[WhiteElo "1342"]
[BlackElo "2237"]
[Annotator "NA RC"]
[PlyCount "64"]
[EventDate "2022.??.??"]
[TimeControl "60"]

1. c4 e6 2. Nc3 d5 3. cxd5 exd5 4. d4 Nf6 5. Nf3 c6 6. e3 Bd6 7. Be2 O-O 8. O-O Re8 9. Re1 Nbd7 10. Qc2 Ne4 11. Bd3 Ndf6 12. h3 Qe7 13. a3 Bf5 14. Nh4 Bd7 15. Nf3 Rac8 16. b4 Nxc3 17. Qxc3 Ne4 18. Qb2 Qf6 19. Bxe4 dxe4 20. Nh2 Qh6 21. f4 exf3 22. Nxf3 Qg6 23. Kf1 Bg3 24. Rd1 Bf5 25. Qe2 Bc2 26. Rd2 Ba4 27. Ne1 Bf4 28. Rc2 Bb5 29. Rc4 Qe6 30. Kg1 Bxc4 31. Qf3 Bxe3+ 32. Bxe3 Qxe3+ 0-1

[Event "44th Chess Olympiad Women 2022"]
[Site "Chennai"]
[Date "2022.07.29"]
[Round "1.33"]
[White "Argote Heredia, Valentina"]
[Black "Bantiwalu, Aster Melake"]
[Result "1-0"]
[WhiteElo "2205"]
[BlackElo "1425"]
[Annotator "NA RC"]
[PlyCount "47"]
[EventDate "2022.??.??"]
[TimeControl "60"]

1. e4 e5 2. Nf3 Nc6 3. Bb5 d6 4. h3 Nf6 5. d3 h6 6. O-O Be7 7. c3 O-O 8. Re1 a6 9. Ba4 b5 10. Bc2 Nd7 11. Nbd2 Bf6 12. Nf1 Re8 13. Ne3 Nb6 14. Nh2 Ne7 15. Qh5 Bg5 16. Bb3 Be6 17. Bxe6 fxe6 18. h4 Bf6 19. Neg4 Rf8 20. Bxh6 gxh6 21. Nxh6+ Kg7 22. Re3 Qe8 23. Rg3+ Kh7 24. Nf7# 1-0

[Event "44th Chess Olympiad Women 2022"]
[Site "Chennai"]
[Date "2022.07.29"]
[Round "1.33"]
[White "Haile, Lidet Abate"]
[Black "Chirivi C, Jenny Astrid"]
[Result "0-1"]
[WhiteElo "1624"]
[BlackElo "2157"]
[Annotator "RC"]
[PlyCount "220"]
[EventDate "2022.??.??"]
[TimeControl "60"]

1. e4 c5 2. Nf3 e6 3. c3 Nf6 4. e5 Nd5 5. Bc4 Nb6 6. Bb3 Nc6 7. O-O d6 8.
exd6 Bxd6 9. d4 cxd4 10. Nxd4 O-O 11. Nxc6 bxc6 12. Qh5 Nd5 13. Bc2 g6 14. Qh6 Qc7 15. g3 e5 16. Nd2 f5 17. Bb3 Bc5 18.
Nf3 Ba6 19. Rd1 Rad8 20. Bg5 Rd7 21. Re1 e4 22. Nh4 Rff7 23.
Ng2 Bf8 24. Qh4 c5 25. Ba4 Rd6 26. Ne3 Qc8 27. Rad1 Bd3 28. Bf4 Nxe3 29. Bxe3 Ra6 30. b3 Bg7 31. Rc1 Rd6 32. Qf4 Rd8 33. h4 h6 34. Bd2 Qc7 35. Qxc7 Rxc7 36. b4 Bc4 37. Be3 Bf8 38. a3 Kh7 39. Red1 Rd3 40. Rxd3 Bxd3 41. Bc2 cxb4 42. Bxd3 exd3 43. axb4 Bg7 44. Bd2 Kg8 45. Kf1 Kf7 46. Ke1 Rc4 47. Kd1 Ke6 48. Be1 Kd5 49. Kd2 Ke4 50. f3+ Kxf3 51. Kxd3 Rc7 52. c4 Rd7+ 53. Kc2 Be5 54. Kb3 g5 55. hxg5 hxg5 56. c5 f4 57. gxf4 gxf4 58. c6 Rh7 59. Bc3 Bc7 60. Bd4 a6 61. Ra1 Ke4 62. Bc5 f3 63. Rxa6 Kd5 64. Kc3 Bg3 65. Ra8 Rf7 66. Ra2 f2 67. Bxf2 Rf3+ 68. Be3 Rxe3+ 69. Kd2 Bf4 70. Ra5+ Kxc6 71. Rf5 Re4+ 72. Kc3 Bc7 73. b5+ Kb6 74. Kd3 Rg4 75. Kc3 Bh2 76. Kd3 Bg1 77. Ke2 Bc5 78. Kf3 Ra4 79. Rf6+ Kxb5 80. Rf5 Kc4 81. Ke4 Ra6 82. Rf4 Bd4 83. Rf7 Re6+ 84. Kf5 Re5+ 85. Kf4 Kd3 86. Rb7 Re6 87. Rb3+ Bc3 88. Kf5 Rf6+ 89. Kg5 Rf8 90. Kg4 Kc4 91. Rb7 Bd4 92. Re7 Kd5 93. Re2 Rf1 94. Kg3 Be5+ 95. Kg4 Ke6 96. Ra2 Rf4+ 97. Kh3 Kf5 98. Ra8 Ke4 99. Ra4+ Bd4 100. Kg2 Rg4+ 101. Kh3 Rg7 102. Kh4 Rg8 103. Ra5 Kf4 104. Kh3 Bc3 105. Ra3 Rg3+ 106. Kh2 Rd3 107. Kg2 Rd2+ 108. Kh3 Be5 109. Ra4+ Kf5 110. Rb4 Rh2# 0-1

[Event "44th Chess Olympiad Women 2022"]
[Site "Chennai"]
[Date "2022.07.29"]
[Round "1.33"]
[White "Pachon, Adriana"]
[Black "Ayele, Hana Mulugeta"]
[Result "1-0"]
[WhiteElo "2007"]
[BlackElo "1437"]
[Annotator "NA RC"]
[PlyCount "95"]
[EventDate "2022.??.??"]
[TimeControl "60"]

1. e4 e5 2. Nf3 Nc6 3. Bc4 Bc5 4. c3 d6 5. d3 h6 6. O-O Nf6 7. Be3 Bb6 8. Bb3 O-O 9. Nbd2 Be6 10. Bxe6 fxe6 11. Nc4 Bxe3 12. fxe3 b5 13. Ncd2 Nh7 14. Qb3 Rf6 15. Qxb5 Qd7 16. Nc4 Rf7 17. Nfd2 Raf8 18. Rxf7 Rxf7 19. Rf1 Re7 20. Na5 Nxa5 21. Qxa5 c6 22. Nc4 Nf6 23. Qb4 c5 24. Qb8+ Ne8 25. b4 cxb4 26. cxb4 Kh7 27. b5 Nc7 28. a4 Ne8 29. Rf8 Kg6 30. h3 Kh7 31. Na5 Qc7 32. Qxc7 Nxc7 33. Nc6 Rd7 34. Nxa7 d5 35. exd5 exd5 36. Nc6 e4 37. dxe4 dxe4 38. Rd8 Rf7 39. Rd4 Rf5 40. b6 Na6 41. b7 Rc5 42. Nb4 Nb8 43.
Rd8 Rc4 44. Rxb8 Rxb4 45. a5 Rb1+ 46. Kh2 Rb3 47. a6 Rxe3 48.
a7 1-0

[Event "44th Chess Olympiad Women 2022"]
[Site "Chennai"]
[Date "2022.07.29"]
[Round "1.34"]
[White "Cramling Bellon, Anna"]
[Black "Terubea, Cydel"]
[Result "1-0"]
[WhiteElo "2065"]
[BlackElo "1450"]
[Annotator "NA"]
[PlyCount "83"]
[EventDate "2022.??.??"]
[TimeControl "60"]

1. d4 d5 2. c4 e6 3. Nc3 Nf6 4. cxd5 exd5 5. Bg5 Be7 6. e3 O-O 7. Bd3 h6 8. Bf4 a6 9. h3 c5 10. dxc5 Bxc5 11. Nf3 Nc6 12. O-O Re8 13. Rc1 Ba7 14. Ne2 Nb4 15. Bb1 Nc6 16. Ned4 Bd7 17. a3 Nh5 18. Bh2 Bb8 19. Bxb8 Rxb8 20. Nxc6 bxc6 21. b4 a5 22. Nd4 Nf6 23. bxa5 Qxa5 24. Bf5 c5 25. Bxd7 cxd4 26. Bxe8 Rxe8 27. Qxd4 Qxa3 28. Rc3 Qa2 29. Rfc1 Ne4 30. R3c2 Qa5 31. f3 Ng3 32. Qg4 Rxe3 33. Qxg3 Qb6 34. Qf2 d4 35. Rd2 Qa6 36. Rxd4 Re2 37. Qf1 Qa2 38. Re4 Qa7+ 39. Kh1 Rf2 40. Re8+ Kh7 41. Qd3+ g6 42. Qc3 1-0

[Event "44th Chess Olympiad Women 2022"]
[Site "Chennai"]
[Date "2022.07.29"]
[Round "1.34"]
[White "Cramling, Pia"]
[Black "Lyons, Kieran"]
[Result "1-0"]
[WhiteElo "2459"]
[BlackElo "1767"]
[Annotator "ChessBase"]
[PlyCount "51"]
[EventDate "2022.??.??"]
[TimeControl "60"]

1. d4 f5 2. g3 e6 3. Bg2 Nf6 4. c4 c6 5. Qc2 d6 6. Bf4 Be7 7. Nc3 O-O 8.
Nf3 h6 9. e4 g5 10. Bd2 Kg7 11. O-O-O Nbd7 12. exf5 exf5 13. Rhe1 Nb6 14. b3 a5 15. a4 Qc7 16. Kb2 Rf7 17. h4 g4 18. Ng1 d5 19. cxd5 cxd5 20.
Qc1 Ng8 21. Nxd5 Qd6 22. Nxe7 Rxe7 23. Qc5 Qxc5 24. dxc5 Rxe1 25. Bxe1 Nd7 26. Bxb7 1-0

[Event "44th Chess Olympiad Women 2022"]
[Site "Chennai"]
[Date "2022.07.29"]
[Round "1.34"]
[White "Prasad, Tanvi"]
[Black "Andric, Jelena"]
[Result "0-1"]
[WhiteElo "1165"]
[BlackElo "1993"]
[Annotator "NA RC"]
[PlyCount "144"]
[EventDate "2022.??.??"]
[TimeControl "60"]

1. d4 e6 2. c4 b6 3. Nc3 Bb7 4. Nf3 Nf6 5. Bg5 Be7 6. e3 d6 7. Bd3 Nbd7 8. O-O h6 9. Bh4 O-O 10. h3 Re8 11. Qc2 c5 12. Be2 cxd4 13.
exd4 Rc8 14. a4 Bxf3 15. gxf3 d5 16. b3 Nh5 17. Bg3 Bh4 18.
Kh2 Nxg3 19. fxg3 Qc7 20. Rg1 Bf6 21. Rad1 dxc4 22. bxc4 Qb8 23. Ne4 Be7 24. Qd3 Red8 25. Rc1 Nc5 26. Nxc5 Bxc5 27. Rgd1 Rxd4 28. Qb3 Rcd8 29. Rxd4 Rxd4 30. Rd1 Qe5 31. Qc2 Qe3 32. Bd3 Qxf3 33. Bh7+ Kh8 34. Rxd4 Bxd4 35. Be4 Qf2+ 36. Qxf2 Bxf2 37. Kg2 Bc5 38. Kf3 Kg8 39. Bc6 Kf8 40. g4 Ke7 41. Ke4 Kd6 42. Be8 f6 43.
Bg6 Bf2 44. Be8 Kc5 45. Kd3 Kb4 46. Bd7 e5 47. Bb5 Ka5 48.
Bc6 Kb4 49. Bb5 Kb3 50. Bc6 Bc5 51. Bb5 g6 52. Be8 f5 53.
Bxg6 e4+ 54. Ke2 fxg4 55. hxg4 e3 56. Be8 Kxc4 57. Bb5+ Kb4 58. Kd1 a6 59. Bxa6 Kxa4 60. Be2 b5 61. Kc2 b4 62. Bc4 Ka3 63.
Kb1 b3 64. Bd3 Kb4 65. Kc1 Kc3 66. Be2 b2+ 67. Kb1 Kd2 68. Bf1 Bd4 69. Bc4 e2 70. Bxe2 Kxe2 71. Ka2 Kf3 72. Kb1 Kxg4 0-1

[Event "44th Chess Olympiad Women 2022"]
[Site "Chennai"]
[Date "2022.07.29"]
[Round "1.34"]
[White "Sewak, Aarti"]
[Black "Agrest, Inna"]
[Result "0-1"]
[WhiteElo "1412"]
[BlackElo "2217"]
[Annotator "NA"]
[PlyCount "76"]
[EventDate "2022.??.??"]
[TimeControl "60"]

1. d4 Nf6 2. g3 g6 3. Nf3 Bg7 4. Bg2 O-O 5. O-O d6 6. Nc3 Na6 7. Bg5 c5 8. e3 Rb8 9. Bxf6 Bxf6 10. a3 b6 11. Nd5 Bg7 12. Re1 Bb7 13.
Nf4 e5 14. Ne2 Nc7 15. c3 Re8 16. Nh4 e4 17. Bh1 Ne6 18. Nf4 Nxf4 19. exf4 cxd4 20. cxd4 Qf6 21. Re2 d5 22. Rd2 Rbc8 23. Qb3 Rc4 24. Rad1 Bc6 25. Qe3 Bd7 26. b3 Rc7 27. Bg2 Rec8 28. Rb1 Rc1+ 29. Rd1 Rxb1 30. Rxb1 Rc2 31. Rd1 Qc6 32. f3 Rc3 33. Qe2 f5 34. Qb2 Rc2 35. Qa1 e3 36. Re1 e2 37. Bh3 Rd2 38. Kg2 Qc2 0-1

[Event "44th Chess Olympiad Women 2022"]
[Site "Chennai"]
[Date "2022.07.29"]
[Round "1.35"]
[White "Gusmao, Maria do Ceu"]
[Black "Richards, Heather S"]
[Result "0-1"]
[WhiteElo "1442"]
[BlackElo "2146"]
[Annotator "NA RC"]
[PlyCount "71"]
[EventDate "2022.??.??"]
[TimeControl "60"]

1. c4 d6 2. Nc3 e5 3. a3 f5 4. e3 Nf6 5. d3 c6 6. b3 g6 7. h3 Bg7 8. Rb1 O-O 9. Bb2 Nbd7 10. h4 Nc5 11. Be2 h6 12. b4 Ne6 13. Nh3 a5 14. f4 axb4 15.
axb4 Ng4 16. g3 Nxe3 17. Qc1 exf4 18. Nxf4 Nxf4 19. gxf4 Re8 20. Kf2 d5 21. Nd1 d4 22. Rh3 Qd6 23. Kg3 g5 24. hxg5 hxg5 25. Kf2 Qxf4+ 26. Kg1 g4 27. Rxe3 dxe3 28. Bxg7 Kxg7 29. Kg2 Rh8 30. Qxe3 Rh2+ 31. Kg1 Qxe3+ 32. Nxe3 Rxe2 33. Nf1 Raa2 34. Rd1 f4 35. Kh1 Kg6 36. Kg1 0-1

[Event "44th Chess Olympiad Women 2022"]
[Site "Chennai"]
[Date "2022.07.29"]
[Round "1.35"]
[White "Phan, Nguyen Mai Chi"]
[Black "dos Santos, Elfiana"]
[Result "1-0"]
[WhiteElo "2139"]
[BlackElo "1560"]
[Annotator "NA RC"]
[PlyCount "71"]
[EventDate "2022.??.??"]
[TimeControl "60"]

1. d4 d5 2. Nf3 Nf6 3. e3 e6 4. Bd3 Be7 5. Nbd2 Nc6 6. a3 Bd7 7. b3 O-O 8. Bb2 b6 9. h4 a6 10. Qe2 Nb8 11. Ne5 Bb5 12. c4 dxc4 13.
bxc4 Bc6 14. Nxc6 Nxc6 15. g4 Ne8 16. Be4 Qd7 17. Qf3 Nxd4 18.
exd4 Rd8 19. Bc6 Qd6 20. Ne4 Qxc6 21. Nf6+ Bxf6 22. Qxc6 Bxd4 23. Bxd4 Rxd4 24. Rd1 Rxg4 25. Rd8 Nf6 26. Qxc7 g6 27. Rh3 Rxd8 28. Qxd8+ Kg7 29. Rf3 Re4+ 30. Kd1 Ng4 31. Qc7 Ne5 32. Re3 Rxe3 33. fxe3 Nd3 34. Kd2 Nb2 35. Qc6 Nxc4+ 36. Qxc4 1-0

[Event "44th Chess Olympiad Women 2022"]
[Site "Chennai"]
[Date "2022.07.29"]
[Round "1.35"]
[White "Tilman, Zulmira Americo"]
[Black "Ryjanova, Julia"]
[Result "0-1"]
[WhiteElo "1255"]
[BlackElo "2284"]
[Annotator "ChessBase"]
[PlyCount "88"]
[EventDate "2022.??.??"]
[TimeControl "60"]

1. d4 Nf6 2. c4 e6 3. Nc3 Bb4 4. Bd2 b6 5. e3 Bb7 6. Nf3 O-O 7. Bd3 d5 8. O-O c5 9. cxd5 exd5 10. Qc2 Nbd7 11. Ng5 h6 12. Bh7+ Kh8 13. Bd3 hxg5 14. h3 Qe7 15. f4 Ne4 16. Qd1 g6 17. a3 Bxc3 18. bxc3 Rae8 19. Ra2 Nxd2 20. Rxd2 c4 21. Bc2 Qxe3+ 22. Kh1 gxf4 23. Rf3 Qe1+ 24. Qxe1 Rxe1+ 25. Kh2 Nf6 26. Rxf4 Ne4 27. Rd1 Rxd1 28. Bxd1 Nxc3 29. Bc2 Kg7 30. Rf3 Ne2 31. a4 Nxd4 32. Rf2 Nxc2 33. Rxc2 Rc8 34. Kg1 d4 35. Kf1 c3 36. Ke2 Be4 37. Rc1 d3+ 38. Ke3 d2 39. Ra1 Bc2 40. Ke2 Re8+ 41. Kf2 d1=Q 42. Ra3 Qe1+ 43. Kf3 Qe3+ 44. Kg4 Re4# 0-1